 Dungeon Crawl Stone Soup version 0.23.2-32-g37ab1d4649 (webtiles) character file.

Game seed: 1587840587420736000

81193 Bergy the Bludgeoner (level 15, -3/99 HPs)
             Began as a Gargoyle Fighter on June 26, 2019.
             Was the Champion of Makhleb.
             Slain by a merfolk
             ... wielding a +0 trident
              (10 damage)
             ... on level 3 of the Shoals.
             The game lasted 01:35:57 (18295 turns).

Bergy the Bludgeoner (Gargoyle Fighter)            Turns: 18295, Time: 01:36:00

Health: -3/99      AC: 33    Str: 29    XL:     15   Next: 69%
Magic:  15/15      EV: 10    Int: 11    God:    Makhleb [******]
Gold:   1176       SH:  0    Dex: 15    Spells: 14/14 levels left

rFire    . . .     SeeInvis .   H - +6 flail of Cheibriados's Outrage {crush, Str+3}
rCold    . . .     Gourm    .   c - +0 shield
rNeg     + . .     Faith    .   D - +3 plate armour
rPois    ∞         Spirit   .   (no helmet)
rElec    +         Reflect  .   (no cloak)
rCorr    .         Harm     .   G - +1 pair of gloves of New Discoveries {Int+2}
MR       ++...                  (no boots)
Stlth    ..........             O - amulet of regeneration
HPRegen  0.66/turn              p - ring of protection from magic
MPRegen  0.14/turn              o - +6 ring of dexterity

@: confused, mesmerised, hasted, very quick
A: big wings, negative energy resistance 1, electricity resistance, unbreathing,
petrification resistance, rot immunity, AC +11
a: Fly, Minor Destruction, Lesser Servant of Makhleb, Major Destruction, Greater
Servant of Makhleb, Renounce Religion


You were on level 3 of the Shoals.
You worshipped Makhleb.
Makhleb was exalted by your worship.
You were not hungry.

You visited 4 branches of the dungeon, and saw 20 of its levels.
You also visited: Ossuary.

You collected 1176 gold pieces.

Inventory:

Hand Weapons
 E - the +9 mace of Emiushue {flame, rF++ MR+}
   (You found it on level 4 of the Dungeon)

   It has been specially enchanted to burn those struck by it, causing extra
   injury to most foes and up to half again as much damage against particularly
   susceptible opponents.
   It greatly protects you from fire.
   It affects your resistance to hostile enchantments.
 H - the +6 flail of Cheibriados's Outrage (weapon) {crush, Str+3}
   (You found it on level 9 of the Dungeon)

   It inflicts extra damage upon your enemies.
   It affects your strength (+3).
Armour
 c - a +0 shield (worn)
 i - +0 storm dragon scales
 D - a +3 plate armour (worn)
 G - the +1 pair of gloves of New Discoveries (worn) {Int+2}
   (You found it on level 2 of the Lair of Beasts)

   It affects your intelligence (+2).
Jewellery
 o - a +6 ring of dexterity (right hand)
 p - a ring of protection from magic (left hand)
 O - an amulet of regeneration (around neck)
 P - an uncursed ring of protection from cold
Wands
 b - a wand of acid (17)
 h - a wand of iceblast (6)
 w - a wand of paralysis (33)
Scrolls
 a - 2 scrolls of identify
 j - a scroll of immolation
 m - a scroll of noise {unknown}
 s - 2 scrolls of amnesia {unknown}
 u - a scroll of acquirement {unknown}
 v - 6 scrolls of enchant weapon
 x - 9 scrolls of remove curse
 y - 2 scrolls of magic mapping {unknown}
 z - 12 scrolls of teleportation
 C - 7 scrolls of blinking
 N - a scroll of vulnerability {unknown}
Potions
 d - a potion of might
 e - a potion of cancellation {unknown}
 k - 3 potions of curing
 n - a potion of lignification {unknown}
 q - a potion of berserk rage {unknown}
 B - a potion of haste
 F - a potion of agility {unknown}
 I - 2 potions of mutation {unknown}
 L - a potion of magic {unknown}
 M - a potion of resistance {unknown}
Miscellaneous
 Q - a sack of spiders
Comestibles
 f - 40 rations
 g - 6 chunks of flesh


   Skills:
 * Level 13.5 Fighting
 + Level 15.2 Maces & Flails
 * Level 13.8 Armour
 * Level 2.9 Dodging
 - Level 15.0 Shields


You had 14 spell levels left.
You didn't know any spells.
Your spell library contained the following spells:

 Spells                   Type           Power        Failure   Level  Hunger
 Animate Skeleton         Necr           N/A          91%         1    ##.....
 Corona                   Hex            #......      91%         1    ##.....
 Flame Tongue             Conj/Fire      #....        91%         1    ##.....
 Magic Dart               Conj           #...         91%         1    ##.....
 Pain                     Necr           #...         91%         1    ##.....
 Blink                    Tloc           N/A          97%         2    ###....
 Call Imp                 Summ           #.......     97%         2    ###....
 Slow                     Hex            #.......     97%         2    ###....
 Throw Flame              Conj/Fire      #.....       97%         2    ###....
 Conjure Flame            Conj/Fire      #.......     100%        3    ####...
 Ignite Poison            Fire/Tmut/Pois #.......     100%        3    ####...
 Inner Flame              Hex/Fire       #.......     100%        3    ####...
 Mephitic Cloud           Conj/Pois/Air  #.......     100%        3    ####...
 Portal Projectile        Hex/Tloc       #.....       100%        3    ####...
 Regeneration             Chrm/Necr      #.........   100%        3    ####...
 Static Discharge         Conj/Air       #.......     100%        3    ####...
 Vampiric Draining        Necr           #.........   100%        3    ####...
 Animate Dead             Necr           N/A          100%        4    #####..
 Cause Fear               Hex            #.........   100%        4    #####..
 Leda's Liquefaction      Hex/Erth       #.........   100%        4    #####..
 Petrify                  Tmut/Erth      #.......     100%        4    #####..
 Sticky Flame             Conj/Fire      #.......     100%        4    #####..
 Throw Icicle             Conj/Ice       #.......     100%        4    #####..
 Alistair's Intoxication  Tmut/Pois      #.......     100%        5    ######.
 Fireball                 Conj/Fire      #.........   100%        5    ######.
 Irradiate                Conj/Tmut      #.........   100%        5    ######.
 Spellforged Servitor     Conj/Summ      #.........   100%        7    #######
 Sublimation of Blood     Necr           Unusable     N/A         2    N/A

Dungeon Overview and Level Annotations

Branches:
Dungeon (10/15)            Temple (1/1) D:4            Lair (6/6) D:8
 Shoals (3/4) Lair:4       Spider (0/4) Lair:3        Slime (0/5) Lair:6
    Orc (0/2) D:10

Altars:
Ashenzari
Gozag
Hepliaklqana
Makhleb
Okawaru
Trog
Vehumet
Wu Jian
Xom
Zin
The Shining One
Jiyva

Shops:
D:10 (

Annotations:
D:3 1 runed translucent door, straszyg's ghost, amateur FoFi
Lair:5 exclusion: oklob plant


Innate Abilities, Weirdness & Mutations

You are resistant to torment.
Your stone body is resilient. (AC +11)
You are immune to poison.
Your large and strong wings let you fly indefinitely.
You resist negative energy. (rN+)
You are resistant to electric shocks. (rElec)
You can survive without breathing.
You are immune to petrification.
You are immune to rotting.


Message History

The manticore closely misses you. The manticore claws you.
* * * LOW HITPOINT WARNING * * *
The merfolk avatar chants its luring song.
Are you sure you want to stumble around while confused and next to your hellwing?
Okay, then.
Are you sure you want to stumble around while confused and next to your hellwing?
You bump into the rock wall.
Your hellwing barely misses the merfolk javelineer.
Your hellwing misses the merfolk javelineer.
The merfolk closely misses you.
Your hellwing hits the merfolk javelineer!
Your hellwing barely misses the merfolk javelineer.
The merfolk javelineer hits your hellwing with a +2 vampiric spear!
The snapping turtle bites you from afar.
* * * LOW HITPOINT WARNING * * *
The manticore bites you but does no damage.
The manticore claws you but does no damage.
The manticore closely misses you.
The merfolk hits you from afar with a +0 trident!
You die...

...≈≈≈≈≈≈≈≈≈≈ ≈≈≈
....≈≈≈≈≈.... ...
..≈≈≈≈≈≈.....## ....
≈≈≈≈≈≈≈≈.# #..### .....
≈≈≈≈≈≈≈≈.# #...###.....
≈≈≈≈≈≈)..####...........
≈≈≈≈≈≈≈[..##...4.....≈≈.
≈≈≈≈≈≈≈<.## #mm4†#
≈≈≈≈≈≈≈)## ##tH@##
≈≈≈≈≈≈≈)!###mm###
≈≈≈≈≈≈≈≈..#(m.####
≈≈≈≈≈≈≈≈≈..m§§...#
≈≈≈≈≈≈≈≈≈.m.§..###
≈≈≈≈≈≈≈≈≈≈≈§≈§§#
≈≈≈≈≈≈≈m≈≈≈≈≈≈...#
≈≈≈≈≈≈≈≈≈≈≈≈≈≈...#
≈≈≈≈≈≈≈≈≈≈≈≈≈≈...#


You could see a merfolk avatar, a merfolk javelineer, a snapping turtle, 5
merfolk, a manticore and 2 friendly hellwings.

Vanquished Creatures
  A kraken (Shoals:2)
  Snorg (Lair:5)
  Erolcha (D:8)
  2 merfolk impalers
  Fannar (D:10)
  Josephine (D:10)
  2 merfolk avatars
  4 catoblepae (Lair:6)
  Harold (Lair:1)
  6 hydras
  A merfolk aquamancer (Shoals:1)
  A satyr (Shoals:2)
  11 death yaks
  2 unseen horrors (D:9)
  7 sea snakes
  3 harpies (Shoals:3)
  A wizard (D:10)
  9 manticores
  An ugly thing (D:9)
  2 cyclopes
  7 fauns
  10 elephants
  2 black mambas
  2 moths of wrath (Lair:6)
  3 water nymphs
  3 torpor snails (Lair:6)
  4 merfolk sirens
  18 spiny frogs
  A freezing wraith (D:9)
  2 rime drakes
  10 komodo dragons
  2 trolls
  5 merfolk
  A queen bee (D:8)
  11 tyrant leeches (Lair:6)
  3 wind drakes
  5 polar bears
  4 hippogriffs
  4 snapping turtles
  A blink frog (Lair:5)
  10 dream sheep
  2 water elementals (Shoals:1)
  Sigmund (D:5)
  A tarantella (Lair:3)
  34 yaks
  3 wraiths (D:10)
  3 wyverns
  2 basilisks
  Grum (D:9)
  4 swamp worms
  Edmund (D:5)
  9 water moccasins
  6 porcupines
  2 hell hounds (Lair:6)
  9 orc warriors
  A phantom (D:4)
  2 ice beasts
  A sky beast (D:8)
  9 ogres
  21 wolves
  6 centaurs
  9 crocodiles
  Blork the orc (D:6)
  9 bullfrogs
  12 scorpions
  23 killer bees
  A howler monkey (D:5)
  5 electric eels (D:8)
  6 crimson imps
  5 centaur zombies
  2 bullfrog zombies
  2 human zombies (Ossuary)
  A jelly (D:9)
  2 centaur skeletons
  10 hounds
  13 orc wizards
  5 orc priests
  A bullfrog skeleton (D:8)
  4 iguanas
  7 worker ants
  3 big kobold zombies (Ossuary)
  A hound zombie (D:9)
  3 mummies (Ossuary)
  A worker ant zombie (D:6)
  8 gnolls
  4 scorpion zombies (Ossuary)
  11 adders
  An ooze (D:1)
  An adder skeleton (D:7)
  3 dart slugs
  4 leopard geckos
  43 orcs
  2 ball pythons (D:2)
  6 bats
  3 giant cockroaches
  3 gnoll zombies (Ossuary)
  5 goblins
  4 hobgoblins
  4 jackals (D:6)
  5 kobolds
  4 quokkas
  3 frilled lizards
  A goblin zombie (Ossuary)
  A hobgoblin zombie (Ossuary)
  3 kobold zombies (Ossuary)
  A leopard gecko skeleton (D:5)
  An orc zombie (Ossuary)
  A quokka skeleton (D:6)
  7 rats
539 creatures vanquished.

Vanquished Creatures (collateral kills)
  A sea snake (Shoals:3)
  A harpy (Shoals:3)
  A faun (Shoals:3)
  A water nymph (Shoals:3)
  A merfolk (Shoals:3)
  A snapping turtle (Shoals:3)
  4 tentacles (Shoals:2)
10 creatures vanquished.

Vanquished Creatures (others)
  An unseen horror (D:8)
  A sea snake (Shoals:3)
  A water elemental (Shoals:3)
  15 fungi
  25 plants
  4 tentacles (Shoals:2)
47 creatures vanquished.

Grand Total: 596 creatures vanquished

Notes
Turn   | Place    | Note
-------+----------+-------------------------------------------
     0 | D:1      | Bergy the Gargoyle Fighter began the quest for the Orb.
     0 | D:1      | Reached XP level 1. HP: 14/14 MP: 1/1
   112 | D:1      | Reached XP level 2. HP: 18/19 MP: 2/2
   242 | D:1      | Reached XP level 3. HP: 23/23 MP: 3/3
  1481 | D:3      | Reached XP level 4. HP: 29/29 MP: 4/4
  1526 | D:3      | Found an iron altar of Okawaru.
  1566 | D:3      | Found a runed translucent door.
  1585 | D:3      | Noticed straszyg's ghost (amateur FoFi)
  1982 | D:4      | Reached XP level 5. HP: 26/33 MP: 5/5
  2077 | D:4      | Got a smoking mace
  2105 | D:4      | Identified the +9 mace of Emiushue {flame, rF++ MR+} (You
                  | found it on level 4 of the Dungeon)
  2113 | D:4      | Noticed a phantom
  2144 | D:4      | Killed a phantom
  2144 | D:4      | Reached XP level 6. HP: 35/38 MP: 6/6
  2273 | D:4      | Found a staircase to the Ecumenical Temple.
  2299 | Temple   | Entered the Ecumenical Temple
  2338 | Temple   | Became a worshipper of Makhleb the Destroyer
  2848 | D:5      | Entered Level 5 of the Dungeon
  2855 | D:5      | Reached skill level 5 in Maces & Flails
  2860 | D:5      | Reached skill level 5 in Shields
  2860 | D:5      | Reached XP level 7. HP: 43/43 MP: 7/7
  2868 | D:5      | Found a hazy altar of Hepliaklqana.
  3024 | D:5      | Reached * piety under Makhleb
  3204 | D:5      | Reached XP level 8. HP: 48/48 MP: 8/8
  3282 | D:5      | Noticed Edmund
  3283 | D:5      | Noticed Sigmund
  3310 | D:5      | Killed Edmund
  3310 | D:5      | Reached skill level 5 in Armour
  3318 | D:5      | Killed Sigmund
  3875 | D:6      | Noticed Blork the orc
  3882 | D:6      | Killed Blork the orc
  3882 | D:6      | Reached skill level 5 in Fighting
  4047 | D:6      | Reached ** piety under Makhleb
  4279 | D:6      | Reached XP level 9. HP: 54/54 MP: 9/9
  5013 | D:8      | Noticed a troll
  5024 | D:8      | Killed a troll
  5173 | D:8      | Found a staircase to the Lair.
  5300 | D:8      | Found a sand-covered staircase.
  5359 | Ossuary  | Entered an ossuary
  5384 | Ossuary  | Reached skill level 10 in Maces & Flails
  5630 | Ossuary  | Reached *** piety under Makhleb
  5630 | Ossuary  | Reached XP level 10. HP: 59/60 MP: 10/10
  5984 | D:8      | Killed an unseen horror
  6537 | D:8      | Reached **** piety under Makhleb
  6825 | D:9      | Noticed Erolcha
  6867 | D:8      | Killed Erolcha
  7214 | D:9      | Reached XP level 11. HP: 37/66 MP: 11/11
  7692 | D:9      | Killed an unseen horror
  7717 | D:9      | Noticed a white ugly thing
  7727 | D:9      | Killed a white ugly thing
  7755 | D:9      | Reached ***** piety under Makhleb
  7764 | D:9      | Got a transparent flail
  7776 | D:9      | Identified the Tome of Confrontation
  7967 | D:9      | Noticed Grum
  7985 | D:9      | Killed Grum
  8010 | D:9      | Killed an unseen horror
  8177 | D:9      | Identified the +6 flail of Cheibriados's Outrage {crush,
                  | Str+3} (You found it on level 9 of the Dungeon)
  8376 | D:10     | Entered Level 10 of the Dungeon
  8417 | D:10     | Noticed Fannar
  8462 | D:10     | Killed Fannar
  8462 | D:10     | Reached skill level 10 in Shields
  8897 | D:10     | Found Qezosym's Weapon Emporium.
  9070 | D:10     | Found a staircase to the Orcish Mines.
  9326 | D:10     | Reached XP level 12. HP: 72/72 MP: 12/12
  9332 | D:10     | Noticed Josephine
  9343 | D:10     | Killed Josephine
  9618 | D:10     | Got a pitted great sword
  9638 | D:10     | Identified the +9 great sword "Kecvaer" {freeze, rF- MR+++
                  | MP+9} (You found it on level 10 of the Dungeon)
  9830 | Lair:1   | Entered Level 1 of the Lair of Beasts
  9917 | Lair:1   | Noticed Harold
  9934 | Lair:1   | Killed Harold
 10905 | Lair:2   | Got a pair of transparent gloves
 10911 | Lair:2   | Identified the +1 pair of gloves of New Discoveries {Int+2}
                  | (You found it on level 2 of the Lair of Beasts)
 11232 | Lair:2   | Noticed a four-headed hydra
 11244 | Lair:2   | Killed a four-headed hydra
 11633 | Lair:3   | Noticed a death yak
 11633 | Lair:3   | Noticed a death yak
 11651 | Lair:3   | Noticed a death yak
 11652 | Lair:3   | Noticed a death yak
 11662 | Lair:3   | Killed a death yak
 11663 | Lair:3   | Killed a death yak
 11673 | Lair:3   | Killed a death yak
 11673 | Lair:3   | Reached skill level 10 in Armour
 11678 | Lair:3   | Killed a death yak
 11719 | Lair:3   | Found a hole to the Spider Nest.
 11930 | Lair:3   | Reached XP level 13. HP: 80/80 MP: 13/13
 12650 | Lair:4   | Found a staircase to the Shoals.
 12831 | Lair:4   | Reached skill level 10 in Fighting
 12860 | Lair:4   | Found a shattered altar of Ashenzari.
 13435 | Lair:5   | Noticed Snorg
 13526 | Lair:5   | Killed Snorg
 13698 | Lair:5   | Found a gate leading to a gauntlet.
 13860 | Lair:5   | Got a dazzling great sword
 14551 | Lair:6   | Entered Level 6 of the Lair of Beasts
 14601 | Lair:6   | Reached ****** piety under Makhleb
 14639 | Lair:6   | Gained mutation: Your large and strong wings let you fly
                  | indefinitely. [Gargoyle growth]
 14639 | Lair:6   | Reached XP level 14. HP: 40/88 MP: 14/14
 15121 | Lair:6   | Found a staircase to the Slime Pits.
 15121 | Lair:6   | Found a viscous altar of Jiyva.
 15606 | Lair:6   | Reached skill level 15 in Shields
 16484 | Shoals:1 | Entered Level 1 of the Shoals
 16651 | Shoals:1 | Reached skill level 1 in Dodging
 16661 | Shoals:1 | Reached XP level 15. HP: 88/97 MP: 15/15
 16785 | Shoals:1 | Reached skill level 15 in Maces & Flails
 17758 | Shoals:2 | Noticed a kraken
 17777 | Shoals:2 | Killed a kraken
 18295 | Shoals:3 | Slain by a merfolk

Skill      XL: |  1  2  3  4  5  6  7  8  9 10 11 12 13 14 15 |
---------------+----------------------------------------------+-----
Maces & Flails | 3 4 5 6 8 10 11 13 14 15 | 15.2
Shields        | 4 5 6 7 8 10 11 13 15 | 15.0
Fighting       | 4 5 6 7 9 10 12 13 | 13.5
Armour         | 4 5 6 8 9 10 11 12 13 | 13.8
Dodging        | 1 2 |  2.9

Action                   |  1- 3 |  4- 6 |  7- 9 | 10-12 | 13-15 || total
-------------------------+-------+-------+-------+-------+-------++-------
Melee: Flail             |   115 |    46 |       |    82 |  1098 ||  1341
       Mace              |       |    53 |   309 |   583 |    60 ||  1005
Invok: Lesser Servant of |       |       |       |       |     8 ||     8
Evoke: Wand              |       |       |       |       |     2 ||     2
  Use: Scroll            |       |     3 |     2 |    15 |    10 ||    30
       Potion            |       |       |       |     8 |    14 ||    22
 Stab: Petrified         |       |       |       |       |     7 ||     7
       Distracted        |       |       |       |       |     3 ||     3
  Eat: Chunk             |     1 |     5 |    24 |    22 |    10 ||    62
       Ration            |       |       |       |       |     1 ||     1
Armor: Scale mail        |    54 |    18 |       |       |       ||    72
       Plate armour      |       |    52 |   233 |   390 |   813 ||  1488
Dodge: Dodged            |    27 |    27 |    66 |   120 |   333 ||   573
Block: Shield            |    68 |    47 |   197 |   372 |   890 ||  1574
